Map: [ESL] Babylon

Players

MaNa - Winner!

  • Race: Protoss Protoss
  • Spawn Location: 11:00

YoungYakov

  • Race: Zerg Zerg
  • Spawn Location: 5:00

Event: ESL SC2 Masters 2023 Summer (Regionals)

VOD

Have the link to the VOD?

Description

Time

  • Played on: May 13, 2023, 11:46 a.m.
  • Length: 14:58

All games in this series

Show
View Real Time Build Order
Export as new Build Order

MaNa Protoss - Winner!

Build Orders: 1 Gate Expand, Mass Adepts 

Get SALT Encoding   

  12  0:00  Probe  
  13  0:12  Probe  
  14  0:17  Pylon  
  14  0:24  Probe (Chrono Boost)  
  15  0:36  Probe (Chrono Boost)  
  16  0:43  Gateway  
  16  0:44  Probe (Chrono Boost)  
  17  0:50  Probe  
  17  0:51  Assimilator  
  18  1:03  Probe  
  19  1:08  Pylon  
  19  1:15  Probe  
  20  1:27  Probe  
  20  1:30  Cybernetics Core  
  21  1:40  Nexus  
  21  1:42  Probe  
  22  1:50  Pylon  
  22  1:54  Assimilator  
  22  1:57  Probe  
  23  2:05  Adept (Chrono Boost)  
  23  2:07  Warp Gate  
  25  2:11  Probe  
  26  2:23  Probe  
  26  2:28  Adept (Chrono Boost)  
  29  2:35  Probe  
  30  2:37  Twilight Council  
  30  2:41  Pylon  
  30  2:47  Probe  
  31  2:55  Pylon  
  31  3:00  Gateway  
  31  3:09  Gateway  
  31  3:11  Probe  
  32  3:17  Resonating Glaives  
  32  3:29  Pylon  
  32  3:30  Probe x2  
  34  3:38  Robotics Facility  
  34  3:46  Pylon  
  35  3:52  Pylon  
  35  3:54  Pylon  
  33  3:57  Adept  
  34  4:03  Adept  
  34  4:04  Adept  
  38  4:10  Gateway  
  38  4:16  Gateway  
  38  4:21  Gateway  
  38  4:24  Warp Prism (Chrono Boost)  
  38  4:29  Probe  
  41  4:36  Adept x2  
  45  4:41  Adept  
  45  4:43  Probe  
  48  4:46  Probe  
  49  4:55  Observer  
  49  4:56  Probe  
  49  4:58  Probe  
  49  4:59  Adept x2  
  56  5:12  Adept x3  
  56  5:13  Probe  
  63  5:22  Probe  
  63  5:23  Robotics Bay  
  63  5:26  Probe  
  59  5:34  Probe  
  56  5:38  Probe  
  49  5:46  Probe, Adept x3  
  54  5:50  Probe, Assimilator  
  54  5:51  Assimilator  
  54  5:56  Adept  
  57  5:59  Probe  
  57  6:02  Probe  
  59  6:06  Disruptor (Chrono Boost)  
  59  6:09  Stalker  
  59  6:11  Probe  
  65  6:14  Probe  
  65  6:15  Adept x2  
  66  6:31  Adept x2  
  66  6:32  Adept  
  68  6:40  Pylon  
  68  6:42  Gravitic Drive  
  68  6:47  Nexus  
  68  6:53  Blink (Chrono Boost)  
  68  6:55  Pylon  
  68  6:58  Disruptor (Chrono Boost)  
  68  6:59  Probe x2  
  73  7:11  Stalker x2  
  77  7:21  Stalker x2  
  77  7:22  Probe  
  82  7:23  Probe  
  82  7:28  Shield Battery  
  81  7:49  Stalker x2  
  85  7:55  Pylon  
  81  8:07  Stalker x3  
  81  8:09  Probe  
  81  8:10  Probe x2  
  84  8:39  Stalker x5  
  82  8:44  Warp Prism (Chrono Boost)  
  74  8:53  Gateway  
  74  8:55  Gateway  
  65  8:58  Probe  
  65  9:02  Stalker x3  
  70  9:03  Stalker x2  
  70  9:08  Forge  
  76  9:11  Disruptor (Chrono Boost)  
  79  9:24  Nexus  
  79  9:29  Gateway  
  79  9:30  Probe x3  
  82  9:33  Stalker x2  
  82  9:35  Stalker  
  88  9:44  Adept x2  
  91  9:47  Disruptor  
  94  9:53  Adept x2  
  94  9:57  Adept  
  96  10:01  Stalker  
  96  10:02  Stalker  
  98  10:10  Protoss Ground Weapons Level 1 (Chrono Boost)  
  98  10:11  Stalker x2  
  102  10:19  Nexus  
  102  10:22  Stalker x2  
  102  10:23  Pylon  
  102  10:25  Observer  
  103  10:50  Stalker x7  
  117  11:08  Probe x2  
  117  11:11  Probe  
  116  11:17  Stalker  
  116  11:18  Stalker x4  
  116  11:24  Disruptor  
  111  11:26  Probe  
  111  11:27  Probe  
  111  11:31  Adept x3  
  109  11:51  Stalker x5  
  109  11:52  Zealot x3  
  115  11:59  Probe x3  
  108  12:04  Disruptor  
  103  12:11  Probe  
  98  12:18  Assimilator  
  98  12:20  Stalker x4  
  98  12:22  Probe x2  
  106  12:23  Probe  
  107  12:34  Probe  
  108  12:37  Probe  
  108  12:39  Stalker  
  108  12:40  Stalker  
  108  12:41  Zealot  
  108  12:42  Stalker  
  115  12:56  Stalker x4  
  123  13:00  Photon Cannon  
  123  13:02  Shield Battery  
  123  13:04  Probe x2, Gateway  
  123  13:05  Adept  
  127  13:06  Adept  
  127  13:08  Shield Battery  
  129  13:13  Assimilator  
  123  13:31  Immortal  
  127  13:36  Stalker x2  
  131  13:52  Pylon  
  114  14:03  Stalker x8  
  130  14:13  Stalker  
  130  14:14  Probe  
  129  14:17  Probe  
  129  14:23  Probe x2  
  132  14:26  Probe, Stalker x3  
  139  14:33  Pylon  
  139  14:36  Pylon  
  139  14:42  Zealot  
  139  14:45  Stalker  
Show
View Real Time Build Order
Export as new Build Order

YoungYakov Zerg 

Build Orders: Pool First 

Get SALT Encoding   

  12  0:00  Drone  
  13  0:12  Overlord  
  13  0:17  Drone  
  14  0:30  Drone x2  
  14  0:34  Drone  
  17  0:40  Extractor  
  16  0:47  Spawning Pool  
  15  0:50  Drone  
  15  0:56  Drone  
  17  1:08  Drone  
  18  1:21  Hatchery  
  17  1:34  Zergling x4  
  17  1:39  Queen  
  21  1:49  Drone  
  21  1:51  Metabolic Boost  
  22  1:57  Overlord  
  22  2:15  Queen  
  22  2:17  Drone x2  
  22  2:21  Drone  
  27  2:33  Queen  
  29  2:38  Zergling x4  
  30  2:45  Zergling x2  
  30  2:46  Zergling x2  
  32  2:55  Zergling x8  
  35  3:03  Overlord  
  34  3:23  Drone x6  
  39  3:27  Drone x2  
  41  3:36  Hatchery  
  41  3:39  Overlord  
  40  3:44  Drone  
  40  3:45  Drone  
  40  3:51  Drone x2  
  40  3:54  Queen  
  43  4:00  Drone x2  
  43  4:01  Drone  
  45  4:06  Roach Warren  
  43  4:11  Drone  
  43  4:14  Zergling x6  
  47  4:17  Zergling x4  
  47  4:20  Zergling x2  
  47  4:23  Zergling x2  
  51  4:29  Overlord  
  51  4:30  Overlord  
  51  4:37  Overlord  
  50  4:42  Spore Crawler  
  49  4:48  Roach x5  
  49  4:51  Queen  
  61  4:59  Roach, Zergling x6  
  66  5:02  Drone  
  66  5:04  Drone x2  
  69  5:09  Zergling x6  
  72  5:27  Roach x2, Zergling x10  
  69  5:35  Zergling x12  
  60  5:55  Drone x2  
  62  5:59  Overlord  
  62  6:01  Drone x2  
  64  6:07  Drone x2  
  64  6:08  Drone  
  67  6:24  Drone x8  
  73  6:28  Spore Crawler  
  70  6:33  Drone x3  
  70  6:38  Drone  
  70  6:39  Drone x3  
  77  6:46  Drone x2  
  79  6:49  Overlord  
  79  6:50  Drone x2  
  81  6:54  Extractor, Overlord  
  81  6:58  Overlord  
  80  7:04  Overlord x2  
  80  7:13  Drone x2  
  80  7:14  Drone x2, Lair  
  80  7:15  Drone x3  
  87  7:21  Drone x4  
  91  7:24  Extractor x2  
  91  7:27  Zergling x8  
  93  7:32  Overlord  
  93  7:47  Drone x7  
  100  7:58  Drone x2  
  100  8:02  Baneling Nest  
  100  8:03  Zergling x10  
  101  8:06  Roach x3  
  101  8:09  Queen x2  
  101  8:12  Glial Reconstitution  
  108  8:14  Extractor  
  108  8:18  Roach x5  
  111  8:29  Roach x7  
  119  8:38  Roach x3  
  113  8:41  Zergling x2  
  113  8:42  Zergling x2  
  113  8:46  Zergling x8  
  110  9:00  Baneling Nest  
  110  9:02  Centrifugal Hooks  
  110  9:04  Hatchery  
  110  9:07  Evolution Chamber  
  110  9:08  Drone  
  110  9:09  Evolution Chamber  
  108  9:10  Drone x2  
  108  9:13  Zergling x6  
  108  9:14  Zergling x6  
  116  9:18  Overlord  
  116  9:22  Roach x5  
  124  9:26  Zergling x6  
  127  9:36  Zerg Missile Weapons Level 1, Queen, Zerg Melee Weapons Level 1  
  129  9:43  Overlord x2  
  128  9:59  Overlord x2  
  127  10:01  Queen  
  127  10:04  Zergling x2  
  127  10:05  Zergling x2  
  129  10:14  Queen  
  128  10:15  Queen  
  128  10:17  Drone x7  
  128  10:20  Drone x6  
  143  10:24  Zergling x8  
  147  10:29  Zergling x2  
  147  10:30  Zergling x6  
  147  10:34  Overlord  
  151  10:35  Overlord x2  
  149  10:46  Roach  
  149  10:47  Roach x5  
  141  10:51  Roach x2  
  141  10:53  Zergling x6  
  144  10:57  Zergling x6  
  133  11:04  Roach x3  
  133  11:05  Roach  
  133  11:09  Roach  
  137  11:15  Roach x3  
  137  11:17  Roach x3  
  137  11:18  Queen  
  131  11:24  Roach x4  
  127  11:28  Queen  
  127  11:32  Roach x2  
  133  11:33  Baneling  
  133  11:34  Baneling  
  133  11:36  Roach x2  
  130  11:42  Roach  
  130  11:43  Roach  
  116  11:48  Roach x2  
  105  11:54  Roach x6  
  105  11:56  Zergling x2  
  105  11:59  Zergling x2  
  105  12:00  Zergling x4  
  107  12:05  Zergling x6  
  107  12:11  Zergling x4  
  107  12:14  Zergling x6  
  102  12:18  Zergling x2  
  102  12:26  Ravager  
  102  12:27  Overlord, Ravager  
  102  12:29  Zergling x2, Ravager  
  106  12:30  Zergling x2  
  105  12:46  Drone x9  
  114  12:56  Roach  
  114  12:57  Roach x2  
  120  12:58  Baneling  
  120  12:59  Baneling x4  
  120  13:03  Drone x2  
  119  13:22  Hatchery  
  119  13:23  Zergling x14  
  123  13:30  Zergling x8  
  123  13:31  Zergling x2  
  126  13:37  Baneling x4  
  126  13:38  Zergling x6  
  122  13:49  Zergling x2  
  122  13:50  Zergling x8  
  123  13:57  Zergling x10  
  124  14:02  Overlord  
  124  14:07  Zergling x6  
  108  14:13  Roach  
  108  14:16  Roach x3  
  84  14:19  Roach x3  
  84  14:23  Roach x2  
  83  14:29  Roach x3  
Tags
 
Add a new tag
Caveats
  • Supply blocks, unpowered buildings, or Contaminate may cause inaccurate times.
  • Supply counts are checked every 10 seconds.